 Dungeon Crawl Stone Soup version 0.17-a0-1421-g95311d7 (webtiles) character file.

750897 nuthulu the Conqueror (level 27, 0/179 HPs)
             Began as a Gargoyle Fighter on June 23, 2015.
             Was the Champion of the Shining One.
             Killed from afar by a deep elf high priest (29 damage)
             ... with a burst of hellfire
             ... on level 3 of the Elven Halls on June 24, 2015.
             The game lasted 05:13:03 (91100 turns).

nuthulu the Conqueror (Gargoyle Fighter)           Turns: 91100, Time: 05:13:04

Health: 0/179      AC: 63    Str: 34    XL:     27
Magic:  0/38       EV: 24    Int: 18    God:    the Shining One [******]
Gold:   5767       SH: 10    Dex: 11    Spells: 0 memorised, 26 levels left

rFire  + + .     SeeInvis +     D - +11 great mace "Gofec" {flame, *Drain rN+++ Dex+2 Stlth-}
rCold  + . .     Clarity  .     S - +2 gold dragon armour "Fuojaipn" {+Inv rElec rPois rF+ rC+ SInv Stlth+}
rNeg   + + +     SustAt   .     (no shield)
rPois  ∞         Gourm    .     m - +2 helmet
rElec  +         Spirit   +     K - +2 cloak {+Inv}
rCorr  +         Warding  .     L - +2 pair of gloves {Str+3}
rMut   .         Stasis   .     I - +0 pair of boots of Pagihy {rCorr MP+9 Int+3 SInv}
MR     ++...                    N - amulet of Douladea {Spirit rElec Str+2 Int+2 SInv}
Stlth  ..........               d - ring of Shaolin {EV+8}
                                g - ring of Music {+Inv +Fly rF+ rN+}

@: divine shield, flying, glowing, very resistant to hostile enchantments,
extremely unstealthy
A: big wings, blurry vision 1, frail 1, low mp 1, negative energy resistance 1,
screaming 1, electricity resistance, slow healing 1, unbreathing, petrification
resistance, rot immunity, AC +20
a: Stop Flying, Divine Shield, Cleansing Flame, Summon Divine Warrior, Renounce
Religion, Evoke Invisibility
}: 5/15 runes: decaying, serpentine, slimy, silver, golden


You were on level 3 of the Elven Halls.
You worshipped the Shining One.
The Shining One was exalted by your worship.
You were not hungry.

You visited 13 branches of the dungeon, and saw 62 of its levels.
You visited the Abyss 1 time.
You also visited: Trove and Ossuary.

You collected 9371 gold pieces.
You spent 3604 gold pieces at shops.

Inventory:

Hand weapons
 a - a +9 flail of holy wrath
 D - the +11 great mace "Gofec" (weapon) {flame, *Drain rN+++ Dex+2 Stlth-}
   (Okawaru gifted it to you on level 1 of the Vaults)

   It has been specially enchanted to burn those struck by it, causing extra
   injury to most foes and up to half again as much damage against particularly
   susceptible opponents.
   It affects your dexterity (+2).
   It renders you almost immune to negative energy.
   It causes draining when unequipped.
   It makes you less stealthy.
 F - the +7 flail of Punishment {flame, MR+}
   (Okawaru gifted it to you on level 3 of the Depths)

   It has been specially enchanted to burn those struck by it, causing extra
   injury to most foes and up to half again as much damage against particularly
   susceptible opponents.
   It affects your resistance to hostile enchantments.
Armour
 m - a +2 helmet (worn)
 I - the +0 pair of boots of Pagihy (worn) {rCorr MP+9 Int+3 SInv}
   (You acquired it on level 5 of the Vaults)

   It affects your intelligence (+3).
   It affects your magic capacity (+9).
   It lets you see invisible.
   It protects you from acid and corrosion.
 K - a +2 cloak of invisibility (worn)
 L - a +2 pair of gloves of strength (worn)
 P - the +3 shield of the New World {Dex+5}
   (You acquired it on level 5 of the Dungeon)

   It affects your dexterity (+5).
 S - the +2 gold dragon armour "Fuojaipn" (worn) {+Inv rElec rPois rF+ rC+ SInv Stlth+}
   (Okawaru gifted it to you on level 3 of the Vaults)

   It protects you from fire.
   It protects you from cold.
   It insulates you from electricity.
   It protects you from poison.
   It lets you see invisible.
   It lets you turn invisible.
   It makes you more stealthy.
Jewellery
 d - the ring of Shaolin (right hand) {EV+8}
   (You found it on level 6 of the Pits of Slime)

   [ring of evasion]

   It affects your evasion (+8).
 g - the ring of Music (left hand) {+Inv +Fly rF+ rN+}
   (You bought it in a shop on level 1 of the Depths)

   [ring of positive energy]

   It protects you from fire.
   It protects you from negative energy.
   It lets you turn invisible.
   It lets you fly.
 s - the amulet "Fagoso Ydwarr" {+Fly rF+ rN++ Regen+ Str-3}
   (You found it in a treasure trove)

   [amulet of regeneration]

   It affects your strength (-3).
   It protects you from fire.
   It greatly protects you from negative energy.
   It lets you fly.
   It increases your rate of regeneration.
 u - an uncursed amulet of resist mutation
 N - the amulet of Douladea (around neck) {Spirit rElec Str+2 Int+2 SInv}
   (You found it on level 5 of the Vaults)

   [amulet of guardian spirit]

   It causes incoming damage to be split between your health and magic.
   It affects your strength (+2).
   It affects your intelligence (+2).
   It insulates you from electricity.
   It lets you see invisible.
 Q - an uncursed ring of protection from fire
 R - an uncursed amulet of regeneration
 U - an uncursed amulet of resist corrosion
 X - an uncursed ring of sustain attributes
 Y - a +5 ring of protection
Magical devices
 k - a wand of teleportation (2)
 G - a wand of hasting (4)
 M - a wand of teleportation (6)
 T - a wand of digging (7)
 V - a wand of heal wounds (6)
Scrolls
 c - 4 scrolls of blinking
 j - 7 scrolls of magic mapping
 q - 5 scrolls of enchant armour
 t - 3 scrolls of holy word
 v - 5 scrolls of fear
 y - 7 scrolls of fog
 A - 25 scrolls of remove curse
 C - 7 scrolls of amnesia
 E - 13 scrolls of teleportation
 H - 9 scrolls of identify
Potions
 b - 4 potions of resistance
 f - 26 potions of curing
 h - 4 potions of cancellation
 i - 8 potions of lignification
 r - 2 potions of haste
 w - 4 potions of agility
 x - 11 potions of mutation
 z - 8 potions of heal wounds
 B - 5 potions of brilliance
 J - 2 potions of magic
 Z - 2 potions of berserk rage
Books
 l - a book of Cantrips

   Spells                             Type                      Level
   a - Corona                         Hexes                        1
   b - Animate Skeleton               Necromancy                   1
   c - Summon Small Mammal            Summoning                    1
   d - Apportation                    Translocation                1
 O - a book of Changes

   Spells                             Type                      Level
   a - Beastly Appendage              Transmutation                1
   b - Sticks to Snakes               Transmutation                2
   c - Spider Form                    Transmutation/Poison         3
   d - Ice Form                       Ice/Transmutation            4
   e - Blade Hands                    Transmutation                5
Comestibles
 e - 10 bread rations
 n - 11 meat rations
 o - 11 chunks of flesh
 p - 25 fruits
 W - 7 royal jellies


   Skills:
 O Level 27 Fighting
 - Level 20.0 Maces & Flails
 - Level 25.4 Armour
 * Level 20.6 Dodging
 - Level 15.0 Shields
 - Level 12.5 Invocations
 - Level 11.0 Evocations


You had 26 spell levels left.
You didn't know any spells.

Dungeon Overview and Level Annotations

Branches:
Dungeon (15/15)            Temple (1/1) D:7            Lair (8/8) D:8
  Swamp (4/4) Lair:5        Snake (4/4) Lair:4        Slime (6/6) Lair:8
    Orc (4/4) D:9             Elf (3/3) Orc:3        Vaults (5/5) D:13
  Crypt (3/3) Vaults:2       Tomb (3/3) Crypt:3      Depths (5/5) D:15
   Hell (1/1)                 Zot (0/5) Depths:5
    Dis: Hell:1         Geh: Hell:1         Coc: Hell:1         Tar: Hell:1

Altars:
Ashenzari
Cheibriados
Dithmenos
Elyvilon
Fedhas
Gozag
Kikubaaqudgha
Makhleb
Nemelex Xobeh
Okawaru
Qazlal
Ru
Sif Muna
Trog
Vehumet
Xom
Yredelemnul
Zin
The Shining One
Jiyva

Shops:
D:5 ?   D:10 :!(*?   D:11 *   D:13 [   Orc:3 =   Orc:4 *??[}   Elf:2 :
Snake:3 =   Snake:4 (=   Vaults:4 *   Depths:1 =   Depths:2 [   Depths:5 *

Portals:
Hell: Depths:1 Depths:2 Depths:3 Depths:4 Depths:5
Abyss: Depths:1 Depths:4
Pandemonium: Orc:4 Depths:3
Ziggurat: Depths:2

Annotations:
Tomb:1 Khufu


Innate Abilities, Weirdness & Mutations

You are resistant to torment.
Your stone body is resilient (AC +20).
You are immune to poison.
Your large and strong wings let you fly indefinitely.
You resist negative energy.
You are resistant to electric shocks.
You can survive without breathing.
You are immune to petrification.
You are immune to rotting.
Scrolls take you a little longer to read.
You are frail (-10% HP).
Your magical capacity is low (-10% MP).
You occasionally shout uncontrollably at your foes.
You heal slowly when monsters are visible.


Message History

The deep elf demonologist convulses! x2
Your body is wracked with pain!
* * * LOW HITPOINT WARNING * * *
The deep elf high priest convulses!
The deep elf annihilator convulses!
You see here an arrow.
Zapping:
V - a wand of heal wounds (7)
Press: ? - help, Shift-Dir - straight line, f - you You feel much better.
This wand has 6 charges left.
The deep elf demonologist gestures wildly while chanting.
The Hell Sentinel gestures at you.
The hellfire explodes!
The blast of hellfire engulfs you!
* * * LOW HITPOINT WARNING * * *
The blast of hellfire engulfs the Hell Sentinel.
The Hell Sentinel completely resists.
The Shadow Fiend gestures at you.
The bolt of cold hits the Hell Sentinel.
The Hell Sentinel completely resists.
The bolt of cold hits you!
The deep elf high priest calls down the wrath of its god upon you.
The hellfire explodes!
The burst of hellfire engulfs you!
You die...

#...44e4..# #..44e4e§.#
##.e.ee1...##
#..e.ee1e...# #1# #)#
#1# #(# #@# #.# #.#
##### #.# ###...### ###
##.# #.......#
###.####..# #.......#
#........######...P...#
#.............'.......#
#.....#########.......#


You could see a Hell Sentinel, 2 Shadow Fiends, a deep elf master archer, an
Executioner, 3 deep elf demonologists, a deep elf high priest, a rust devil and
a red devil.

Vanquished Creatures
  the royal jelly (Slime:6)
  4 ancient liches
  Mara (Snake:4)
  34 greater mummies
  Sojobo (Depths:2)
  Boris (Vaults:4)
  Frederick (Crypt:3)
  The ghost of Oddysee the Slayer, a great MiFi of Qazlal (Depths:5)
  Vashnia (Snake:3)
  Geryon (Hell)
  The ghost of urechis the Acrobat, a great MfSk of Yredelemnul (Vaults:5)
  3 golden dragons
  the Enchantress (Depths:4)
  14 liches
  A bone dragon (Crypt:3)
  Jorgrun (Depths:3)
  4 tentacled monstrosities
  8 deep elf blademasters
  12 titans
  5 deep elf master archers
  28 acid blobs
  4 quicksilver dragons
  An octopode crusher (Depths:1)
  Agnes (D:14)
  11 sphinxes
  4 ancient champions
  12 tengu reavers
  Kirke (Lair:5)
  8 shadow dragons
  3 draconian monks (Depths:5)
  3 storm dragons
  2 thorn hunters (Swamp:3)
  4 revenants
  11 greater nagas
  17 fire giants
  24 azure jellies
  Maud (Lair:4)
  20 vault wardens
  4 deep elf sorcerers
  23 frost giants
  3 iron dragons (Vaults:5)
  A caustic shrike zombie (Crypt:1)
  A curse skull (Crypt:2)
  A draconian zealot (Depths:5)
  A cacodemon (Depths:1)
  6 ghouls
  A caustic shrike skeleton (Crypt:2)
  4 draconian annihilators (Depths:5)
  3 spriggan defenders (Depths:4)
  13 very ugly things
  A reaper (Depths:1)
  18 ironheart preservers
  4 green draconians
  6 war gargoyles
  30 stone giants
  5 vampire knights
  14 bennus
  3 black draconians
  The ghost of HEYYEYAAE the Destroyer, a powerful HuAE of Vehumet (Orc:4)
  A mottled draconian (Crypt:3)
  A deep elf demonologist (Vaults:2)
  6 white draconians
  8 deep elf annihilators
  A yellow draconian (Crypt:3)
  6 red draconians
  3 purple draconians (Depths:5)
  Snorg (D:13)
  14 death oozes
  4 deep elf death magi
  17 ettins
  A merfolk javelineer (Depths:3)
  44 vault guards
  2 crystal guardians (Crypt:3)
  4 eidola
  9 fire dragons
  A merfolk impaler (Depths:3)
  8 jiangshi
  17 mummy priests
  23 yaktaur captains
  Josephine (Lair:5)
  A quicksilver dragon zombie (Crypt:3)
  3 deep elf high priests
  17 naga warriors
  14 great orbs of eyes
  5 spriggan air magi
  A hell beast (Depths:1)
  8 ice dragons
  3 entropy weavers
  2 ghost crabs
  An entropy weaver (shapeshifter) (Depths:5)
  25 hydras
  13 anacondas
  6 centaur warriors
  7 rakshasas
  A death knight (Crypt:2)
  24 dancing weapons
  A catoblepas (Lair:8)
  9 alligators
  5 orc high priests (Orc:4)
  7 salamander stormcallers
  A queen ant (Lair:3)
  13 ogre magi
  25 naga sharpshooters
  6 deep troll earth magi
  4 tengu warriors
  5 deep troll shamans
  11 death yaks
  A death yak (shapeshifter) (Depths:5)
  A titan zombie (Crypt:3)
  Urug (Lair:4)
  2 vampire magi
  4 spriggan berserkers (Depths:4)
  5 soul eaters
  4 spriggans
  A sun demon (Depths:1)
  Sonja (D:12)
  Nergalle (Lair:1)
  A shock serpent (shapeshifter) (Vaults:5)
  A titan skeleton (Vaults:4)
  A shadow wraith (Depths:4)
  7 shock serpents
  A small abomination (Elf:2)
  2 salamander mystics
  A fire crab (Vaults:2)
  35 skeletal warriors
  27 death scarabs
  12 deep trolls
  2 ice devils (Hell)
  29 deep elf knights
  2 storm dragon skeletons
  19 hell knights
  5 unseen horrors
  12 swamp dragons
  11 sea snakes
  18 ironbrand convokers
  9 flayed ghosts
  7 deep elf summoners
  A quicksilver dragon simulacrum (Crypt:2)
  A golden dragon zombie (Crypt:3)
  A spectral hydra (Depths:4)
  A gelid demonspawn (Orc:4)
  5 shambling mangroves
  A spectral anaconda (Depths:4)
  3 naga ritualists (Snake:4)
  4 death drakes
  10 giant orange brains
  2 tengu zombies
  3 harpies (Vaults:3)
  A golden dragon skeleton (Crypt:1)
  A wolf spider zombie (Crypt:2)
  16 orc knights
  10 hill giants
  5 lindwurms (Depths:5)
  A putrid demonspawn (Orc:4)
  8 shining eyes
  7 mana vipers
  13 phantasmal warriors
  4 deep elf conjurers
  An anaconda skeleton (Tomb:1)
  6 wizards
  4 wolf spiders
  26 black mambas
  A fire giant zombie (Crypt:3)
  2 stone giant zombies
  32 anubis guards
  A harpy (shapeshifter) (Vaults:5)
  9 hornets
  A salamander (shapeshifter) (D:15)
  55 ugly things
  7 orc sorcerers
  7 griffons
  9 salamanders
  6 manticores
  17 necromancers
  11 cyclopes
  15 naga magi
  22 spiny frogs
  24 elephants
  A sixfirhy (Orc:4)
  An elf zombie (Depths:1)
  2 frost giant skeletons
  5 rust devils
  18 vault sentinels
  A centaur zombie (D:13)
  5 guardian serpents
  4 eyes of devastation
  2 orange crystal statues (Depths:4)
  2 gargoyles
  A green draconian zombie (Crypt:2)
  68 yaktaurs
  8 komodo dragons
  3 orange demons
  2 kobold demonologists (Vaults:2)
  37 guardian mummies
  A catoblepas skeleton (Tomb:1)
  A komodo dragon (shapeshifter) (Depths:1)
  21 deep elf priests
  A pale draconian skeleton (Crypt:2)
  2 red devils
  A yaktaur (shapeshifter) (Vaults:5)
  3 spectral merfolk (Depths:4)
  A fire drake (shapeshifter) (Vaults:4)
  6 fire drakes
  8 freezing wraiths
  A yaktaur skeleton (Vaults:4)
  126 slime creatures
  3 anaconda simulacra (Depths:4)
  4 giant leeches
  A polar bear (shapeshifter) (Vaults:2)
  A blue devil (Depths:1)
  A fire vortex (Vaults:2)
  A hellwing (Tomb:1)
  10 polar bears
  Prince Ribbit (Lair:2)
  3 wind drakes (Depths:5)
  8 trolls
  38 blink frogs
  10 bog bodies
  2 ettin zombies
  A hydra skeleton (Crypt:1)
  An alligator zombie (Tomb:1)
  9 boulder beetles
  13 ushabtiu
  A raiju (shapeshifter) (Vaults:3)
  A satyr zombie (Crypt:2)
  27 two-headed ogres
  A black mamba zombie (Tomb:2)
  6 shadows
  5 air elementals
  12 redbacks
  2 raiju
  47 flying skulls
  6 vampires
  A tarantella (Depths:4)
  16 water elementals
  17 humans (D:13)
  A human (shapeshifter) (Vaults:3)
  4 wyverns
  28 deep elf magi
  A trapdoor spider (D:11)
  37 deep elf fighters
  42 yaks
  2 ynoxinuls
  4 basilisks
  Eustachio (D:5)
  2 hogs (shapeshifter)
  15 wraiths
  A wind drake zombie (Crypt:1)
  A yaktaur simulacrum (Vaults:3)
  A hog (Lair:5)
  14 hippogriffs
  4 hungry ghosts
  A golden eye (shapeshifter) (Vaults:2)
  17 wargs
  10 golden eyes
  4 mottled dragons
  27 swamp worms
  17 insubstantial wisps
  A merfolk zombie (Tomb:1)
  48 nagas
  12 hell hounds
  24 vampire mosquitoes
  21 soldier ants
  A spectral troll (Depths:4)
  A hydra simulacrum (Depths:4)
  24 water moccasins
  24 wolves
  18 swamp drakes
  A swamp dragon zombie (Crypt:1)
  A deep troll skeleton (Vaults:4)
  6 necrophages
  3 spectral spriggans (Depths:4)
  2 snapping turtle zombies
  2 ice beasts
  7 eyes of draining
  A black bear (shapeshifter) (D:15)
  15 black bears
  13 porcupines
  12 wasps
  12 centaurs
  50 ogres
  41 orc warriors
  4 phantoms
  A swamp dragon skeleton (Crypt:2)
  23 crocodiles
  8 boggarts
  3 big kobolds
  3 sky beasts
  An ice dragon simulacrum (Tomb:2)
  A fire crab zombie (Crypt:1)
  A brain worm (shapeshifter) (Depths:4)
  16 giant frogs
  2 brain worms
  A human skeleton (Vaults:4)
  7 scorpions
  A troll zombie (Crypt:2)
  2 wyvern skeletons
  A spectral ogre (Depths:4)
  A water moccasin skeleton (D:9)
  2 spectral nagas (Depths:4)
  5 wights
  A polar bear skeleton (Crypt:1)
  5 killer bees (D:10)
  4 spectral centaurs (Depths:4)
  An electric eel (D:13)
  15 crimson imps
  33 orc priests
  23 hounds
  A giant frog zombie (D:5)
  3 centaur skeletons
  An iron imp (Depths:1)
  A wasp zombie (D:10)
  2 human simulacra (Vaults:4)
  A gnoll shaman (D:5)
  5 human zombies
  28 jellies
  2 giant frog skeletons
  10 iguanas
  A two-headed ogre skeleton (Crypt:2)
  A porcupine zombie (Crypt:1)
  14 orc wizards
  29 worker ants
  19 sheep
  A killer bee zombie (D:11)
  A sheep (shapeshifter) (Vaults:2)
  6 hound zombies
  45 mummies
  A worker ant zombie (D:5)
  7 gnolls
  20 adders
  43 river rats
  3 shadow imps
  A giant eyeball (Depths:4)
  2 adder zombies (Ossuary)
  A halfling skeleton (Crypt:2)
  4 worms
  An adder skeleton (D:9)
  9 giant geckos
  197 orcs
  A ball python (Snake:3)
  21 bats
  2 bat skeletons
  2 bat zombies
  11 giant cockroaches
  22 hobgoblins
  30 jackals
  19 kobolds
  6 quokkas
  A river rat zombie (Crypt:1)
  A giant gecko skeleton (D:7)
  7 giant newts
  2 gnoll zombies (Ossuary)
  20 goblins
  A goblin zombie (Ossuary)
  A hobgoblin skeleton (Crypt:2)
  A kobold zombie (Ossuary)
  2 orc zombies (Ossuary)
  22 rats
  A rat zombie (Ossuary)
  2 crawling corpses (Elf:1)
  2 fungi
3318 creatures vanquished.

Vanquished Creatures (collateral kills)
  An ancient lich (Tomb:1)
  An anubis guard (Tomb:1)
  A flying skull (Tomb:1)
  A deep elf fighter (Elf:3)
4 creatures vanquished.

Vanquished Creatures (others)
  A lich (Tomb:2)
  A frost giant (Vaults:4)
  A black draconian (Depths:5)
  A vault guard (Vaults:4)
  A quicksilver dragon skeleton (Tomb:2)
  A hydra (Swamp:4)
  An ogre mage (Vaults:1)
  A salamander stormcaller (Vaults:4)
  2 alligators (Swamp:4)
  A deep elf knight (Vaults:4)
  A hell knight (Depths:5)
  A skeletal warrior (Crypt:3)
  An unseen horror (D:15)
  A shadow wraith (Vaults:4)
  32 death scarabs
  A deep elf summoner (Vaults:2)
  A giant orange brain (Depths:4)
  3 necromancers
  2 ironbrand convokers (Vaults:4)
  2 anubis guards (Tomb:3)
  A lindwurm (Depths:5)
  A vault sentinel (Vaults:4)
  A guardian serpent (Snake:3)
  A freezing wraith (Vaults:2)
  A fire vortex (Vaults:4)
  A bog body (Swamp:4)
  A deep elf mage (Vaults:5)
  A golden eye (shapeshifter) (Vaults:4)
  2 humans (Lair:5)
  A shadow (Depths:4)
  A deep elf fighter (Temple)
  A naga (Snake:4)
  A swamp worm (Swamp:1)
  A centaur (Vaults:2)
  An ice dragon simulacrum (Depths:1)
  A giant frog (Lair:5)
  A tengu skeleton (Depths:1)
  A hound (D:11)
  A worker ant (D:11)
  A mummy (Tomb:2)
  A bush (Depths:5)
  14 fungi
  5 lost souls (Crypt:3)
  13 plants
  4 toadstools (D:1)
114 creatures vanquished.

Grand Total: 3436 creatures vanquished

Notes
Turn   | Place    | Note
--------------------------------------------------------------
     0 | D:1      | nuthulu the Gargoyle Fighter began the quest for the Orb.
     0 | D:1      | Reached XP level 1. HP: 14/14 MP: 1/1
   276 | D:1      | Reached XP level 2. HP: 14/19 MP: 2/2
   750 | D:1      | Found a shattered altar of Ashenzari.
   796 | D:1      | Reached skill level 4 in Fighting
   966 | D:2      | Reached XP level 3. HP: 24/24 MP: 3/3
  1177 | D:2      | Reached XP level 4. HP: 30/30 MP: 4/4
  2164 | D:3      | Reached XP level 5. HP: 32/34 MP: 5/5
  2273 | D:3      | Found a glowing silver altar of Zin.
  2299 | D:3      | Found an iron altar of Okawaru.
  2328 | D:3      | Became a worshipper of Warmaster Okawaru
  3209 | D:4      | Reached skill level 5 in Fighting
  3274 | D:4      | Noticed an ogre
  3293 | D:4      | Killed an ogre
  3293 | D:4      | Reached XP level 6. HP: 19/40 MP: 6/6
  3952 | D:4      | Noticed an ogre
  3978 | D:4      | Killed an ogre
  3978 | D:4      | Acquired Okawaru's first power
  3978 | D:4      | Reached skill level 6 in Fighting
  3978 | D:4      | Reached skill level 5 in Maces & Flails
  4153 | D:4      | Reached XP level 7. HP: 44/46 MP: 7/7
  4316 | D:5      | Entered Level 5 of the Dungeon
  4402 | D:5      | Found Ibimikar's Magic Scroll Emporium.
  4474 | D:5      | Noticed Eustachio
  4501 | D:5      | Killed Eustachio
  4501 | D:5      | Reached skill level 7 in Fighting
  4644 | D:5      | Reached XP level 8. HP: 43/53 MP: 8/8
  5097 | D:5      | Reached skill level 8 in Fighting
  6300 | D:6      | Reached skill level 9 in Fighting
  6314 | D:6      | Reached XP level 9. HP: 60/60 MP: 9/9
  6394 | D:6      | Found a sparkling altar of Nemelex Xobeh.
  6538 | D:6      | Got a twisted ring mail
  6539 | D:6      | Identified a scroll of acquirement
  6543 | D:6      | Identified the cursed +1 ring mail of the Unseen Realm {Int+2} (You took it off a goblin on level 6 of the Dungeon)
  7594 | D:7      | Found a staircase to the Ecumenical Temple.
  7655 | D:7      | Reached skill level 10 in Fighting
  8128 | D:8      | Found a sand-covered staircase.
  8147 | Ossuary  | Entered an ossuary
  8466 | D:8      | Found a staircase to the Lair.
  8795 | D:8      | Found a shadowy altar of Dithmenos.
  9102 | D:8      | Reached skill level 11 in Fighting
  9286 | D:9      | Noticed an elephant
  9311 | D:8      | Reached skill level 10 in Maces & Flails
  9311 | D:8      | Reached XP level 10. HP: 53/69 MP: 10/10
  9398 | D:9      | Killed an elephant
  9482 | D:9      | Found a staircase to the Lair.
  9843 | D:9      | Got a brightly glowing whip
 10204 | D:9      | Found a staircase to the Orcish Mines.
 10376 | D:9      | Reached skill level 12 in Fighting
 10922 | D:5      | Bought a scroll of acquirement for 520 gold pieces
 10926 | D:5      | Got an ichor-stained shield
 10942 | D:5      | Identified the +3 shield of the New World {Dex+5} (You acquired it on level 5 of the Dungeon)
 10943 | D:5      | Identified the +5 whip of a Thousand Tales {slash, +Rage rPois Dex+4} (You found it on level 9 of the Dungeon)
 11082 | D:10     | Entered Level 10 of the Dungeon
 11188 | D:10     | Found Hovuhed's Magic Scroll Shoppe.
 11189 | D:10     | Noticed a hill giant
 11202 | D:10     | Killed a hill giant
 11233 | D:10     | Bought a scroll of identify for 28 gold pieces
 11239 | D:10     | Found Tulapsunn's General Store.
 11252 | D:10     | Found Qiyzorr's Distillery.
 11640 | D:10     | Found Itesalu's Weapon Shoppe.
 11942 | D:10     | Found Niamohu Ejyss's Book Shoppe.
 12005 | D:10     | Noticed a hill giant
 12032 | D:10     | Killed a hill giant
 12032 | D:10     | Reached XP level 11. HP: 41/77 MP: 9/11
 12047 | D:10     | Reached skill level 13 in Fighting
 12807 | Lair:1   | Entered Level 1 of the Lair of Beasts
 12831 | Lair:1   | Acquired Okawaru's second power
 12870 | Lair:1   | Noticed Nergalle
 12904 | Lair:1   | Killed Nergalle
 12904 | Lair:1   | Received a gift from Okawaru
 13573 | Lair:1   | Noticed a six-headed hydra
 13588 | Lair:1   | Killed a six-headed hydra
 13981 | Lair:2   | Noticed an eight-headed hydra
 13993 | Lair:2   | Killed an eight-headed hydra
 14196 | Lair:2   | Noticed Prince Ribbit
 14251 | Lair:2   | Noticed a four-headed hydra
 14280 | Lair:2   | Killed a four-headed hydra
 14280 | Lair:2   | Reached skill level 14 in Fighting
 14608 | Lair:2   | Noticed an eight-headed hydra
 14621 | Lair:2   | Killed an eight-headed hydra
 14621 | Lair:2   | Reached XP level 12. HP: 67/86 MP: 10/12
 14868 | Lair:2   | Killed Prince Ribbit
 15531 | Lair:3   | Noticed a queen ant
 15979 | Lair:3   | Killed a queen ant
 15979 | Lair:3   | Reached skill level 15 in Fighting
 15994 | Lair:3   | Received a gift from Okawaru
 16430 | Lair:3   | Found a staircase to the Shoals.
 16625 | Lair:3   | Reached skill level 5 in Armour
 16970 | Lair:4   | Noticed Maud
 16997 | Lair:4   | Killed Maud
 17306 | Lair:4   | Noticed Urug
 17326 | Lair:4   | Killed Urug
 17326 | Lair:4   | Reached XP level 13. HP: 68/93 MP: 11/13
 17329 | Lair:4   | Found a staircase to the Snake Pit.
 17342 | Lair:4   | Noticed an eight-headed hydra
 17355 | Lair:4   | Killed an eight-headed hydra
 17691 | Lair:4   | Reached skill level 16 in Fighting
 18158 | Lair:4   | Noticed an eight-headed hydra
 18174 | Lair:4   | Killed an eight-headed hydra
 18610 | Lair:4   | Received a gift from Okawaru
 19508 | Lair:5   | Noticed Josephine
 19521 | Lair:5   | Killed Josephine
 19801 | Lair:5   | Found a staircase to the Swamp.
 20082 | Lair:5   | Reached skill level 1 in Invocations
 20092 | Lair:5   | Received a gift from Okawaru
 20095 | Lair:5   | Reached skill level 10 in Armour
 20406 | Lair:5   | Noticed Kirke
 20433 | Lair:5   | Killed Kirke
 20433 | Lair:5   | Gained mutation: Your large and strong wings let you fly indefinitely. [Gargoyle growth]
 20433 | Lair:5   | Reached XP level 14. HP: 68/100 MP: 15/17
 20916 | Lair:6   | Reached skill level 5 in Invocations
 21759 | Lair:6   | Received a gift from Okawaru
 22730 | Lair:7   | Reached skill level 5 in Shields
 24194 | Lair:8   | Entered Level 8 of the Lair of Beasts
 24194 | Lair:8   | Found a staircase to the Slime Pits.
 24475 | Lair:8   | Reached XP level 15. HP: 54/106 MP: 20/20
 24481 | Lair:8   | Received a gift from Okawaru
 25699 | Lair:8   | Received a gift from Okawaru
 26490 | Lair:8   | Gained mutation: You have a pair of small antennae on your head. [potion of beneficial mutation]
 26491 | Lair:8   | Lost mutation: You have a pair of small antennae on your head. [potion of cure mutation]
 26737 | Lair:8   | Upgraded the game from 0.17-a0-1411-g06ff558 to 0.17-a0-1421-g95311d7
 27066 | Lair:2   | Noticed an eight-headed hydra
 27079 | Lair:2   | Killed an eight-headed hydra
 27361 | Orc:1    | Entered Level 1 of the Orcish Mines
 27951 | Orc:3    | Found a staircase to the Elven Halls.
 28210 | Orc:3    | Found Asid's Jewellery Shop.
 28221 | Orc:3    | Bought a cursed amulet of regeneration for 270 gold pieces
 28617 | Orc:4    | Entered Level 4 of the Orcish Mines
 28788 | Orc:4    | Noticed HEYYEYAAE's ghost (powerful HuAE)
 28811 | Orc:4    | Reached skill level 10 in Shields
 28839 | Orc:4    | Killed HEYYEYAAE's ghost
 28932 | Orc:4    | Found Ujanap's Magic Scroll Boutique.
 29308 | Orc:4    | Found Rechix's Magic Scroll Shop.
 29441 | Orc:4    | Found Xuvip's General Store.
 29480 | Orc:4    | Received a gift from Okawaru
 29927 | Orc:4    | Paralysed by an orc sorcerer for 3 turns
 29932 | Orc:4    | Reached skill level 15 in Armour
 30021 | Orc:4    | Paralysed by an orc sorcerer for 6 turns
 30090 | Orc:4    | Received a gift from Okawaru
 30253 | Orc:4    | Reached XP level 16. HP: 109/112 MP: 21/21
 30298 | Orc:4    | Found Iwigh's Antique Armour Emporium.
 30298 | Orc:4    | Found Cirysep's Gadget Shoppe.
 30340 | Orc:4    | Found a one-way gate leading to the halls of Pandemonium.
 30432 | Orc:4    | Bought a scroll of acquirement for 624 gold pieces
 31001 | Swamp:1  | Entered Level 1 of the Swamp
 31636 | Swamp:1  | Received a gift from Okawaru
 31693 | Swamp:1  | Got a polished trident
 31694 | Swamp:1  | Identified the +3 trident of Blood-Lust {pierce, rF- Str+9 Dex+3} (You found it on level 1 of the Swamp)
 32641 | Swamp:2  | Received a gift from Okawaru
 32731 | Swamp:3  | Noticed a thorn hunter
 32756 | Swamp:3  | Killed a thorn hunter
 33123 | Swamp:3  | Reached skill level 15 in Maces & Flails
 33198 | Swamp:3  | Got a fine chain mail
 33199 | Swamp:3  | Identified the cursed +0 chain mail "Saud" {rPois} (You found it on level 3 of the Swamp)
 33483 | Swamp:4  | Entered Level 4 of the Swamp
 33483 | Swamp:4  | Noticed a thorn hunter
 33617 | Swamp:3  | Killed a thorn hunter
 34043 | Swamp:4  | Got a decaying rune of Zot
 34135 | Swamp:4  | Reached XP level 17. HP: 114/116 MP: 22/22
 34808 | Swamp:4  | Received a gift from Okawaru
 35064 | Snake:1  | Entered Level 1 of the Snake Pit
 35715 | Snake:2  | Reached skill level 15 in Shields
 35761 | Snake:2  | Received a gift from Okawaru
 35775 | Snake:2  | Got an ichor-stained lajatang {god gift}
 35776 | Snake:2  | Identified the +5 lajatang of the Head {drain, rPois MR+} (Okawaru gifted it to you on level 2 of the Snake Pit)
 35876 | Snake:2  | Reached skill level 1 in Dodging
 36409 | Snake:3  | Found Onoerafi's Jewellery Boutique.
 36605 | Snake:3  | Received a gift from Okawaru
 36630 | Snake:3  | Bought an uncursed amulet of resist mutation for 440 gold pieces
 36724 | Snake:3  | Noticed Vashnia
 36783 | Snake:3  | Killed Vashnia
 36826 | Snake:3  | Reached XP level 18. HP: 97/122 MP: 21/23
 36938 | Snake:3  | Reached skill level 5 in Dodging
 37235 | Snake:4  | Entered Level 4 of the Snake Pit
 37239 | Snake:4  | Found Qeota's Antique Weapon Boutique.
 37255 | Snake:4  | Noticed Mara
 37290 | Snake:4  | Reached skill level 17 in Armour
 37528 | Snake:4  | Noticed nuthulu's illusion
 37568 | Snake:4  | Killed Mara
 37576 | Snake:4  | Killed Mara
 37600 | Snake:4  | Killed Mara
 37603 | Snake:4  | Killed Mara
 37731 | Snake:4  | Found Kayprocapn's Jewellery Emporium.
 37739 | Snake:4  | Bought the ring of the Eleven Lies {+/*Tele rElec} for 441 gold pieces
 38003 | Snake:4  | Received a gift from Okawaru
 38475 | Snake:4  | Reached skill level 18 in Armour
 38553 | Snake:4  | Received a gift from Okawaru
 38750 | Snake:4  | Got a serpentine rune of Zot
 39000 | Snake:4  | Reached XP level 19. HP: 100/127 MP: 24/24
 39073 | Snake:4  | Found Tumot's Food Emporium.
 39089 | Snake:4  | Bought a bread ration for 65 gold pieces
 39089 | Snake:4  | Bought a bread ration for 65 gold pieces
 39089 | Snake:4  | Bought a meat ration for 65 gold pieces
 39178 | Snake:4  | Received a gift from Okawaru
 40165 | D:11     | Found Sideotilaf's Pet Rocks.
 41144 | D:12     | Found a basalt altar of Yredelemnul.
 41464 | D:12     | Noticed Sonja
 41486 | D:12     | Killed Sonja
 42111 | D:13     | Received a gift from Okawaru
 42154 | D:13     | Found a gate to the Vaults.
 42331 | D:13     | Found Sitz's Armour Shop.
 42437 | D:13     | Noticed Snorg
 42449 | D:13     | Killed Snorg
 42536 | D:13     | Reached skill level 10 in Dodging
 43248 | D:14     | Noticed Agnes
 43260 | D:14     | Killed Agnes
 43960 | D:15     | Entered Level 15 of the Dungeon
 44126 | D:15     | Received a gift from Okawaru
 44531 | D:15     | Found a staircase to the Depths.
 44633 | D:15     | Found an ancient bone altar of Kikubaaqudgha.
 44963 | Vaults:1 | Entered Level 1 of the Vaults
 44986 | Vaults:1 | Reached XP level 20. HP: 132/137 MP: 25/25
 45604 | Vaults:1 | Reached skill level 19 in Fighting
 45701 | Vaults:1 | Received a gift from Okawaru
 45707 | Vaults:1 | Got an encrusted great mace {god gift}
 45713 | Vaults:1 | Identified the +11 great mace "Gofec" {flame, *Drain rN+++ Dex+2 Stlth-} (Okawaru gifted it to you on level 1 of the Vaults)
 46892 | Vaults:2 | Received a gift from Okawaru
 47758 | Vaults:2 | Cast into the Abyss (a deep elf demonologist)
 47761 | Vaults:2 | Escaped the Abyss
 48193 | Vaults:2 | Received a gift from Okawaru
 48244 | Vaults:2 | Found a staircase to the Crypt.
 48244 | Vaults:2 | Found a basalt altar of Yredelemnul.
 48245 | Vaults:2 | Found an ancient bone altar of Kikubaaqudgha.
 48326 | Vaults:2 | Reached XP level 21. HP: 59/144 MP: 26/26
 49558 | Vaults:3 | Received a gift from Okawaru
 49569 | Vaults:3 | Got a polished gold dragon armour {god gift}
 49570 | Vaults:3 | Identified the +2 gold dragon armour "Fuojaipn" {+Inv rElec rPois rF+ rC+ SInv Stlth+} (Okawaru gifted it to you on level 3 of the Vaults)
 50222 | Vaults:4 | Found Degigoyw's Assorted Antiques.
 50309 | Vaults:4 | Noticed Boris
 50317 | Vaults:4 | Killed Boris
 51147 | Vaults:4 | Reached XP level 22. HP: 149/149 MP: 27/27
 51674 | Vaults:4 | Received a gift from Okawaru
 51720 | Vaults:4 | Reached skill level 20 in Maces & Flails
 52134 | Depths:1 | Entered Level 1 of the Depths
 52298 | Depths:1 | Found a gateway to Hell.
 52437 | Depths:1 | Found Opnuveug's Jewellery Shop.
 52446 | Depths:1 | Bought the ring of Music {+Inv +Fly rF+ rN+} for 517 gold pieces
 53040 | Depths:1 | Found a one-way gate to the infinite horrors of the Abyss.
 53296 | Depths:2 | Noticed a caustic shrike
 53421 | Depths:2 | Noticed Sojobo
 53447 | Depths:2 | Killed Sojobo
 53447 | Depths:2 | Reached skill level 21 in Armour
 53628 | Depths:2 | Found a gateway to a ziggurat.
 53771 | Depths:2 | Found a portal to a secret trove of treasure.
 53855 | Depths:2 | Found Qim Boro's Armour Boutique.
 54217 | Depths:2 | Received a gift from Okawaru
 54788 | Depths:3 | Reached skill level 22 in Armour
 54895 | Depths:3 | Noticed Jorgrun
 54901 | Depths:3 | Killed Jorgrun
 54941 | Depths:3 | Reached XP level 23. HP: 151/155 MP: 28/28
 55309 | Depths:3 | Received a gift from Okawaru
 55320 | Depths:3 | Got an iridescent flail {god gift}
 55321 | Depths:3 | Identified the +7 flail of Punishment {flame, MR+} (Okawaru gifted it to you on level 3 of the Depths)
 55714 | Depths:3 | Reached skill level 23 in Armour
 55804 | Depths:3 | Reached skill level 1 in Evocations
 56469 | Depths:4 | Reached skill level 5 in Evocations
 56662 | Depths:4 | Paralysed by a lich for 7 turns
 56991 | Depths:4 | Paralysed by a vampire knight for 3 turns
 57015 | Depths:4 | Received a gift from Okawaru
 57031 | Depths:4 | Noticed an ancient lich
 57069 | Depths:4 | Killed an ancient lich
 57553 | Depths:4 | Got a translucent great sword
 57554 | Depths:4 | Identified the +5 great sword "Ishu" {speed, *Confuse MR++} (You found it on level 4 of the Depths)
 57929 | Depths:4 | Reached skill level 10 in Evocations
 57929 | Depths:4 | Reached XP level 24. HP: 160/160 MP: 30/30
 58121 | Depths:4 | Gained mutation: You occasionally shout uncontrollably at your foes. [a Zot trap]
 58121 | Depths:4 | Gained mutation: Your magical capacity is low (-10% MP). [a Zot trap]
 58258 | Depths:5 | Entered Level 5 of the Depths
 58380 | Depths:5 | Found Dotot's Elemental Accessories.
 58380 | Depths:5 | Noticed Oddysee's ghost (great MiFi)
 58398 | Depths:4 | Reached XP level 25. HP: 145/165 MP: 27/27
 58723 | Depths:5 | Noticed the Enchantress
 58750 | Depths:4 | Killed the Enchantress
 59413 | Depths:5 | Received a gift from Okawaru
 59487 | Depths:5 | Killed Oddysee's ghost
 60182 | Depths:5 | Received a gift from Okawaru
 60537 | Depths:5 | Found a gate to the Realm of Zot.
 61106 | Vaults:5 | Entered Level 5 of the Vaults
 61223 | Vaults:5 | Noticed an ancient lich
 61494 | Vaults:5 | Reached XP level 26. HP: 178/180 MP: 28/28
 61758 | Vaults:5 | Received a gift from Okawaru
 62037 | Vaults:5 | Got a sparkling golden amulet
 62038 | Vaults:5 | Identified the amulet of Douladea {Spirit rElec Str+2 Int+2 SInv} (You found it on level 5 of the Vaults)
 62186 | Vaults:5 | Got a pair of spiked boots
 62188 | Vaults:5 | Identified the +0 pair of boots of Pagihy {rCorr MP+9 Int+3 SInv} (You acquired it on level 5 of the Vaults)
 62245 | Vaults:5 | Got a sparkling bone ring
 62246 | Vaults:5 | Identified the ring "Asimmeam" {Wiz Str+4 Int+2} (You took it off a deep elf annihilator on level 5 of the Vaults)
 62517 | Vaults:5 | Got an ancient tin amulet
 62519 | Vaults:5 | Identified the amulet "Hecvanyo" {+Rage rN++ Int+4} (You took it off a vault guard on level 5 of the Vaults)
 62715 | Vaults:5 | Killed an ancient lich
 62715 | Vaults:5 | Reached skill level 24 in Fighting
 63598 | Vaults:5 | Noticed urechis's ghost (great MfSk)
 63645 | Vaults:5 | Killed urechis's ghost
 63974 | Vaults:5 | Got a silver rune of Zot
 64153 | Vaults:5 | Reached skill level 25 in Fighting
 64215 | Vaults:5 | Received a gift from Okawaru
 64268 | Vaults:5 | Got a jewelled hat {god gift}
 64274 | Vaults:5 | Identified the +0 hat of the Five Demons {*Corrode rF++ Dex+3 SInv} (Okawaru gifted it to you on level 5 of the Vaults)
 65155 | Slime:1  | Entered Level 1 of the Pits of Slime
 65237 | Slime:1  | Reached XP level 27. HP: 141/193 MP: 28/28
 66642 | Slime:2  | Reached skill level 26 in Fighting
 66745 | Slime:2  | Gained mutation: You are frail (-10% HP). [a shining eye]
 66749 | Slime:2  | Gained mutation: Scrolls take you a little longer to read. [a shining eye]
 68236 | Slime:6  | Entered Level 6 of the Pits of Slime
 68955 | Slime:6  | Found a viscous altar of Jiyva.
 68957 | Slime:6  | Noticed the royal jelly
 69430 | Slime:6  | Received a gift from Okawaru
 69694 | Slime:6  | Reached skill level 27 in Fighting
 70766 | Slime:6  | Killed the royal jelly
 70913 | Slime:6  | Got a slimy rune of Zot
 71048 | Slime:6  | Got a crude platinum ring
 71050 | Slime:6  | Identified the cursed ring of Xeged {+Fly rN+ AC-3} (You found it on level 6 of the Pits of Slime)
 71059 | Slime:6  | Got a brightly glowing brass ring
 71062 | Slime:6  | Identified the ring of Viyhac {*Contam rElec Int+5 Slay+3} (You found it on level 6 of the Pits of Slime)
 71064 | Slime:6  | Got a transparent bronze ring
 71065 | Slime:6  | Identified the ring "Imuext" {+Inv rElec rPois} (You found it on level 6 of the Pits of Slime)
 71109 | Slime:6  | Got a heavily runed silver ring
 71111 | Slime:6  | Identified the cursed ring "Sexkyps" {rC+ Int-2} (You found it on level 6 of the Pits of Slime)
 71714 | Temple   | Entered the Ecumenical Temple
 72192 | Snake:4  | Bought a bread ration for 65 gold pieces
 72192 | Snake:4  | Bought a slice of pizza for 19 gold pieces
 72192 | Snake:4  | Bought a royal jelly for 26 gold pieces
 72192 | Snake:4  | Bought a bread ration for 65 gold pieces
 72192 | Snake:4  | Bought a fruit for 19 gold pieces
 72192 | Snake:4  | Bought a slice of pizza for 19 gold pieces
 72192 | Snake:4  | Bought a bread ration for 65 gold pieces
 72192 | Snake:4  | Bought a beef jerky for 19 gold pieces
 72192 | Snake:4  | Bought 4 fruits for 78 gold pieces
 72192 | Snake:4  | Bought a beef jerky for 19 gold pieces
 72664 | Temple   | Fell from the grace of Okawaru
 72664 | Temple   | Became a worshipper of the Shining One
 73296 | Crypt:1  | Entered Level 1 of the Crypt
 73525 | Crypt:1  | Acquired the Shining One's first power
 74197 | Crypt:2  | Acquired the Shining One's second power
 74552 | Crypt:2  | Acquired the Shining One's third power
 75352 | Crypt:2  | Acquired the Shining One's fourth power
 75423 | Crypt:3  | Entered Level 3 of the Crypt
 75715 | Crypt:3  | Found a basalt altar of Yredelemnul.
 75715 | Crypt:3  | Noticed an ancient lich
 75726 | Crypt:3  | Killed an ancient lich
 75733 | Crypt:3  | Noticed Frederick
 75743 | Crypt:3  | Killed Frederick
 75789 | Crypt:3  | Got a clouded steel ring
 75795 | Crypt:3  | Got a transparent turquoise ring
 75798 | Crypt:3  | Identified the ring "Vuilow" {rN+ Stlth+} (You found it on level 3 of the Crypt)
 75801 | Crypt:3  | Identified the ring "Ofill" {+Inv rElec rN+ Str-5 Dex+7} (You found it on level 3 of the Crypt)
 75806 | Crypt:3  | Got a sparkling steel ring
 75811 | Crypt:3  | Identified the ring of Lugonu's Outrage {rN+ MP+9 Str+3 Dex-5 Stlth+} (You found it on level 3 of the Crypt)
 75991 | Crypt:3  | Found a staircase to the Tomb.
 77112 | Temple   | Identified a +8 flail of holy wrath (a +6 flail of draining blessed by the Shining One)
 77871 | Hell     | Entered the Vestibule of Hell
 77871 | Hell     | Noticed Geryon
 77903 | Hell     | Killed Geryon
 77913 | Depths:1 | Gained mutation: You heal slowly when monsters are visible. [a cacodemon]
 78568 | Depths:1 | Was forgiven by Okawaru
 78974 | Orc:3    | Bought an uncursed ring of sustain attributes for 175 gold pieces
 79634 | Tomb:1   | Entered Level 1 of the Tomb of the Ancients
 80205 | Depths:2 | You paid a toll of a +6 demon trident to enter a treasure trove
 80206 | Trove    | Entered a treasure trove
 80276 | Trove    | Got a scorched marble ring
 80281 | Trove    | Identified the ring "Paduhuow" {Wiz Str+3} (You found it in a treasure trove)
 80301 | Trove    | Got a coiled sapphire amulet
 80304 | Trove    | Identified the amulet "Fagoso Ydwarr" {+Fly rF+ rN++ Regen+ Str-3} (You found it in a treasure trove)
 80305 | Trove    | Got a wavering amber ring
 80313 | Trove    | Identified the ring "Neylaat" {+Fly EV+3 Dex-4 Slay+4} (You found it in a treasure trove)
 81218 | Tomb:1   | Noticed Khufu
 81617 | Tomb:1   | Reached skill level 10 in Invocations
 81760 | Tomb:1   | Noticed an ancient lich
 81777 | Tomb:1   | Killed an ancient lich
 84168 | Tomb:2   | Reached skill level 15 in Dodging
 86120 | Tomb:3   | Entered Level 3 of the Tomb of the Ancients
 86263 | Tomb:3   | Noticed an ancient lich
 86522 | Tomb:2   | Killed an ancient lich
 87614 | Tomb:3   | Identified the Catalogue of Feathery Attacks (You found it on level 3 of the Tomb of the Ancients)
 87658 | Tomb:3   | Got a golden rune of Zot
 88830 | Elf:1    | Entered Level 1 of the Elven Halls
 90074 | Elf:2    | Found Seluj's Book Shop.
 90177 | Elf:2    | Found a huge runed gate.
 90179 | Elf:2    | Found a huge runed gate.
 90179 | Elf:2    | Found a huge runed gate.
 90180 | Elf:2    | Found a huge runed gate.
 90180 | Elf:2    | Found a huge runed gate.
 90833 | Elf:3    | Entered Level 3 of the Elven Halls
 91100 | Elf:3    | Killed from afar by a deep elf high priest

Vault maps used:
D:1:      ldierk_water_garden, nicolae_ashenzari_panopticon
D:2:      first_bread, minivault_5
D:3:      zin_scriptorium, okawaru_gym_becter
D:5:      serial_shops, shop, uniq_eustachio
D:6:      nemelex_altar_shiori, gup_sewer_entry_pipe,
          hangedman_decor_peaks_small
D:7:      temple_hall, grunt_ministairs_1
D:8:      lemuel_round_altar, enter_ossuary_1
D:9:      david_lair_generic, david_orc_1_choice, blue_anna_alchemist
D:10:     serial_shops, shop, nicolae_shop_competitors_out_of_business,
          nicolae_shop_window_shopping, nicolae_shop_crystal, shop
D:11:     minmay_wavy_crystal, guppyfry_shop_earth
D:12:     special_room, basic_altar, serial_co_window_serial, co_window_paths_a,
          co_window_of_opportunity_a, co_window_of_opportunity_a,
          co_window_paths_a, co_window_paths_a, co_window_of_opportunity_b,
          co_window_unsneaky_path_c, co_window_of_opportunity_b,
          co_window_of_opportunity_b, co_window_corner_b, co_window_2corner,
          co_window_corner_b, co_window_4corner_a, glass_columns_b,
          glass_columns_a, glass_columns_a, uniq_sonja
D:13:     lemuel_traditional_vault, grunt_vaults_entry_tiered, serial_shops,
          shop, uniq_snorg
D:14:     kennysheep_crisscross, serial_co_window_serial, co_window_paths_a,
          co_window_paths_b, co_window_of_opportunity_a, co_window_corner_a,
          co_window_corner_a, co_window_corner_ca, co_window_corner_b,
          co_window_2corner, co_window_paths_d, uniq_agnes
D:15:     gammafunk_enter_depths_forms, basic_altar, roderic_roman_lattice,
          hangedman_corner_corridor
Temple:   lightli_temple_of_artemis
Lair:1:   uniq_nergalle
Lair:2:   uniq_prince_ribbit2
Lair:3:   minmay_shoals_entry_beasts, minivault_29, bh_autumn_forest_stairs
Lair:4:   dummy_snake_entry, roderic_lost_polar_bear, uniq_urug, uniq_maud
Lair:5:   minmay_swamp_entry_worms, beast_lair_carwin_9, uniq_josephine,
          uniq_kirke
Lair:6:   onia_ninara_swampy_vault, st_stairs_6
Lair:7:   nicolae_quartered_pool_little, eino_small_chamber_without_monster,
          grunt_megastairs_5
Lair:8:   hangedman_lair_caniforms_friends, hangedman_lair_in_review,
          slime_dummy, serial_bayou_pond_b
Swamp:1:  evilmike_swamp_ruin_house_3, swamp_pool3
Swamp:2:  serial_swamp_ruin, evilmike_swamp_ruin_house_1,
          evilmike_swamp_ruin_house_2
Swamp:3:  evilmike_swamp_ruin_rubble_2, swamp_pool1
Swamp:4:  swamp, swamp_pool1
Snake:1:  grunt_megastairs_2
Snake:3:  serial_shops, shop_statue, minmay_snake_pond, uniq_vashnia
Snake:4:  grunt_snake_rune_pools, serial_shops, nicolae_shop_statue_plus, shop,
          shop, uniq_mara
Orc:1:    bloody_makhleb, uniq_fannar
Orc:3:    serial_shops, shop, nicolae_orc_pool_cavern
Orc:4:    pf_orc_diabolical, serial_shops, shop
Elf:1:    minmay_elf_arrival_summoners, kennysheep_underground_church,
          grunt_ministairs_12, minmay_fountain_box, st_stairs_6,
          hangedman_elf_targetted_burst, elves_outpost_lemuel
Elf:2:    serial_shops, shop, hangedman_elf_power_crystal,
          small_chamber_with_monster
Elf:3:    elf_hall
Vaults:1: vaults_room_guarded_vault, nicolae_vaults_shelves_hall,
          vaults_room_boxed, ontoclasm_vaults_ring_large,
          nicolae_vaults_alarming, v_rooms_3, ontoclasm_vaults_ring_square,
          v_rooms_5, vaults_room_corners, vaults_dpeg_encased_lava
Vaults:2: vaults_mumra_chevron_long, v_rooms_1, ontoclasm_vaults_ring_small,
          minmay_crypt_entry_necro_gods, v_misc_12, v_alt_pattern_6, v_rooms_4,
          v_misc_11, nicolae_vaults_little_ls, nicolae_vaults_rhombus_6,
          ontoclasm_vaults_gateway, st_hourglassy
Vaults:3: v_rooms_6, v_misc_33, vaults_room_pools, hangedman_vaults_maws,
          st_cross, vaults_mumra_minichess_inversion, grunt_vaults_trifunnel,
          ontoclasm_vaults_bender, grunt_vaults_diagonal, v_misc_24,
          nicolae_vaults_circle_grid_b, vaults_dpeg_hooks,
          nicolae_vaults_yaktaur_gun_rack
Vaults:4: hangedman_vaults_nodes, hangedman_vaults_capsules,
          hangedman_vaults_locks, grunt_vaults_hallway_long, st_squares,
          nicolae_vaults_little_squares_2, dpeg_vaults_monster_box,
          hangedman_vaults_pinch, ontoclasm_vaults_misaligned,
          nicolae_vaults_rhombus_6, nicolae_vaults_what_the_h, serial_shops,
          nicolae_shop_window_shopping, uniq_boris
Crypt:2:  roderic_lattice_octagonal_star
Crypt:3:  cryptofortress_bobbens, uniq_frederick
Tomb:1:   uniq_khufu
Depths:1: hangedman_decor_cross_pass, grunt_mini_vestibule,
          abyss_entry_small_statue_room, serial_shops, nicolae_shop_waterfront,
          kennysheep_boxes
Depths:2: evilmike_inaccessible_box, enter_ziggurat_e, serial_shops, shop,
          enter_trove_2, pf_vacation_house_of_asmodeus,
          infiniplex_staircase_pool_1, uniq_sojobo
Depths:3: evilmike_pillar_path, hell_entry, rand_demon_pan_entry_5,
          patterned_corridor, infiniplex_staircase_x, uniq_jorgrun
Depths:4: lemuel_river_lethe, hell_entry, abyss_entry, serial_shops
Depths:5: lemuel_castle_with_subvaults, hell_entry, solitary_fountain,
          nicolae_elemental_shop, serial_bayou_shore_b, uniq_enchantress
Trove:    trove_jewel_1
Ossuary:  ossuary_minmay_tomb_2a

Action                   |  1- 3 |  4- 6 |  7- 9 | 10-12 | 13-15 | 16-18 | 19-21 | 22-24 | 25-27 || total
-------------------------+-------+-------+-------+-------+-------+-------+-------+-------+-------++-------
Melee: Flail             |   146 |   257 |   686 |   786 |  2660 |    34 |       |       |     4 ||  4573
       Whip              |       |       |       |   234 |       |       |       |       |       ||   234
       Eveningstar       |       |       |       |       |       |  1724 |  1174 |       |       ||  2898
       Demon whip        |       |       |       |       |       |   187 |       |       |       ||   187
       Great mace        |       |       |       |       |       |       |   882 |  1104 |  3760 ||  5746
Invok: Heroism           |       |       |     5 |    12 |    10 |     7 |     7 |     2 |    12 ||    55
       Finesse           |       |       |       |       |     4 |     6 |     6 |     2 |     9 ||    27
       Cleansing Flame   |       |       |       |       |       |       |       |       |    43 ||    43
       Divine Shield     |       |       |       |       |       |       |       |       |     6 ||     6
       Summon Divine War |       |       |       |       |       |       |       |       |     6 ||     6
 Abil: Fly               |       |       |       |       |     1 |     6 |       |     1 |     1 ||     9
       Stop Flying       |       |       |       |       |     1 |       |       |     1 |     1 ||     3
       Evoke Invisibilit |       |       |       |       |       |       |       |       |     4 ||     4
Evoke: Wand              |       |       |       |       |       |     3 |     2 |     1 |    27 ||    33
  Use: Scroll            |     6 |     4 |    14 |    11 |    11 |    11 |    11 |    15 |    31 ||   114
       Potion            |       |     1 |     2 |     4 |     9 |     1 |     1 |     2 |    14 ||    34
 Stab: Confused          |       |       |       |       |     1 |       |       |       |       ||     1
       Petrified         |       |       |       |       |     6 |       |       |       |     1 ||     7
       Invisible         |       |       |       |       |       |       |       |       |     9 ||     9
  Eat: Chunk             |     1 |    10 |    16 |    21 |    31 |    11 |    10 |     7 |    11 ||   118
       Fruit             |       |       |     1 |     3 |     3 |       |     2 |     2 |    23 ||    34
       Pizza             |       |       |     1 |       |       |       |     2 |       |     4 ||     7
       Bread ration      |       |       |       |     1 |     1 |     2 |     2 |     1 |    10 ||    17
       Meat ration       |       |       |       |       |     1 |     2 |     4 |     3 |     6 ||    16
       Beef jerky        |       |       |       |       |     2 |     3 |     2 |     1 |     5 ||    13
       Royal jelly       |       |       |       |       |     1 |     3 |     1 |     2 |     2 ||     9
